 Dungeon Crawl Stone Soup version 0.21.0-3-g78d12a8 (webtiles) character file.

5 Monsterracer the Stinger (level 1, -1/14 HPs)
             Began as a Ghoul Venom Mage on Jan 13, 2018.
             Slain by a hobgoblin
             ... wielding a +0 club
              (4 damage)
             ... on level 1 of the Dungeon.
             The game lasted 00:00:25 (271 turns).

Monsterracer the Stinger (Ghoul Venom Mage)          Turns: 271, Time: 00:00:25

Health: -1/14      AC:  2    Str: 11    XL:     1   Next: 80%
Magic:  0/2        EV: 12    Int: 10    God:
Gold:   5          SH:  0    Dex:  9    Spells: 2/3 levels left

rFire    . . .     SeeInvis .     - Unarmed
rCold    + . .     Gourm    .   (no shield)
rNeg     + + +     Faith    .   a - +0 robe
rPois    ∞         Spirit   .   (no helmet)
rElec    .         Reflect  .   (no cloak)
rCorr    .         Harm     .   (no gloves)
MR       .....                  (no boots)
Stlth    ++........             (no amulet)
HPRegen  0.00/turn              (no ring)
MPRegen  0.08/turn              (no ring)

@: very slightly contaminated, rotting
A: rotting body, claws 1, carnivore, cold resistance 1, negative energy
resistance 3, inhibited regeneration, torment resistance, unbreathing
a: no special abilities


You were on level 1 of the Dungeon.
You were not hungry.

You visited 1 branch of the dungeon, and saw 1 of its levels.

You collected 5 gold pieces.

Inventory:

Armour
 a - a +0 robe (worn)
Potions
 d - a potion of mutation {unknown}
Books
 b - a Young Poisoner's Handbook

   Spells                             Type                      Level
   a - Sting                          Conjuration/Poison           1
   b - Poisonous Vapours              Poison/Air                   2
   c - Mephitic Cloud                 Conjuration/Poison/Air       3
   d - Olgreb's Toxic Radiance        Poison                       4
   e - Venom Bolt                     Conjuration/Poison           5
Comestibles
 c - 2 rations
 f - 3 chunks of flesh


   Skills:
 - Level 1.7 Dodging
 - Level 2.1 Stealth
 + Level 1.4 Unarmed Combat
 - Level 1.7 Spellcasting
 - Level 0.7 Conjurations
 - Level 3.0 Poison Magic


You had 2 spell levels left.
You knew the following spells:

 Your Spells              Type           Power        Failure   Level  Hunger
a - Sting                 Conj/Pois      #...         16%         1    ##.....


Dungeon Overview and Level Annotations

Branches:
Dungeon (1/15)

Altars:


Innate Abilities, Weirdness & Mutations

Your body is rotting away.
You thrive on raw meat.
You are immune to poison.
You have sharp fingernails.
You are carnivorous and can eat meat at any time.
Your flesh is cold resistant. (rC+)
You are immune to negative energy. (rN+++)
You do not regenerate when monsters are visible.
You are immune to unholy pain and torment.
You can survive without breathing.


Message History

You butcher the ball python corpse.
f - 2 chunks of flesh You see here a ball python skeleton.
You start resting.
HP restored.
A rat comes into view.
Health restored: 14 A rat is nearby!
Found 4 gold pieces.
The helpless rat fails to defend itself.
You scratch the rat.
You kill the rat!
No target in view!
No target in view!
You now have 5 gold pieces (gained 4).
A goblin comes into view. It is wielding a club.
A goblin is nearby!
You barely miss the goblin. The goblin closely misses you.
You scratch the goblin.
You kill the goblin!
Your Unarmed Combat skill increases to level 1!
Things that are here:
a club; a goblin corpse No target in view!
You butcher the goblin corpse.
f - 3 chunks of flesh (gained 1)
You see here a club. x2
c - 2 rations (gained 1)
A hobgoblin comes into view. It is wielding a club.
Found a stone staircase leading down.
A frilled lizard comes into view.
A hobgoblin comes into view. It is wielding a club.
The hobgoblin shouts!
You hear a shout!
There are monsters nearby!
You scratch the hobgoblin.
The hobgoblin is heavily wounded.
You scratch the hobgoblin.
The hobgoblin is severely wounded.
The hobgoblin hits you with a club.
You take 5 damage, and have 9/14 hp.
MASSIVE DAMAGE!!
You are too injured to fight recklessly!
You are too injured to fight recklessly!
You are too injured to fight recklessly!
The hobgoblin hits you with a club.
* * * LOW HITPOINT WARNING * * *
You take 2 damage, and have 7/14 hp.
Casting: Sting
Confirm with . or Enter, or press ? or * to list all spells.
Aiming: Sting
Press: ? - help, Shift-Dir - straight line, f - hobgoblin
Aim: a hobgoblin, wielding a club (severely wounded)
The sting hits the hobgoblin.
The hobgoblin is almost dead.
You now have 1/2 mp.
You closely miss the hobgoblin.
The hobgoblin is almost dead.
The hobgoblin misses you.
You closely miss the hobgoblin.
The hobgoblin is almost dead.
The hobgoblin hits you with a club.
* * * LOW HITPOINT WARNING * * *
You take 1 damage, and have 6/14 hp.
You scratch the hobgoblin but do no damage.
The hobgoblin is almost dead.
The hobgoblin completely misses you.
You scratch the hobgoblin.
You kill the hobgoblin!
You barely miss the frilled lizard. The frilled lizard barely misses you.
You miss the frilled lizard.
The frilled lizard completely misses you.
You scratch the frilled lizard but do no damage.
The frilled lizard misses you.
You scratch the frilled lizard.
The frilled lizard is heavily wounded.
The frilled lizard bites you.
* * * LOW HITPOINT WARNING * * *
You take 1 damage, and have 5/14 hp.
You scratch the frilled lizard.
You kill the frilled lizard!
You closely miss the hobgoblin.
The hobgoblin hits you but does no damage.
MP restored: 2
Casting: Sting
Confirm with . or Enter, or press ? or * to list all spells.
Aiming: Sting
Press: ? - help, Shift-Dir - straight line, f - hobgoblin
Aim: a hobgoblin, wielding a club The sting hits the hobgoblin.
The hobgoblin appears unharmed.
The hobgoblin hits you with a club.
* * * LOW HITPOINT WARNING * * *
You take 2 damage, and have 3/14 hp.
You now have 1/2 mp.
Casting: Sting
Confirm with . or Enter, or press ? or * to list all spells.
Aiming: Sting
Press: ? - help, Shift-Dir - straight line, f/p - hobgoblin
Aim: a hobgoblin, wielding a club You miscast Sting.
You are very lightly contaminated with residual magic.
Nothing appears to happen.
The hobgoblin hits you with a club.
You die...

.# # .# . .#.# ##
.#.#...
##########......#
..............>##
#...lg......
#g####..#.##
#@#.. .# #.#.# ..
. #.#.# .#
...#####...##.# #
..........)...#
..###..#######
#..#.....# #
#....###.#
#.##.#####.#


You could see a hobgoblin.

Vanquished Creatures
  A goblin (D:1)
  A hobgoblin (D:1)
  A ball python (D:1)
  A frilled lizard (D:1)
  2 rats (D:1)
6 creatures vanquished.

Notes
Turn   | Place    | Note
-------+----------+-------------------------------------------
     0 | D:1      | Monsterracer the Ghoul Venom Mage began the quest for the Orb.
     0 | D:1      | Reached XP level 1. HP: 14/14 MP: 2/2
    39 | D:1      | HP: 7/14 [ball python (1)]
   241 | D:1      | Reached skill level 1 in Unarmed Combat
   256 | D:1      | HP: 7/14 [hobgoblin/club (2)]
   261 | D:1      | HP: 6/14 [hobgoblin/club (1)]
   267 | D:1      | HP: 5/14 [frilled lizard (1)]
   271 | D:1      | Slain by a hobgoblin

Skill      XL: |  1 |
---------------+----+-----
Unarmed Combat | 1 |  1.4
Dodging        | |  1.7
Stealth        | |  2.1
Spellcasting   | |  1.7
Conjurations   | |  0.7
Poison Magic   | |  3.0

Action                   || total
-------------------------++-------
Melee: Unarmed           ||    23
 Cast: Sting             ||     2
 Stab: Sleeping          ||     2
Armor: Robe              ||     3
Dodge: Dodged            ||    12

Vault maps used:
D:1:      dpeg_arrival_windows_large_door
